 Dungeon Crawl Stone Soup version 0.29.1-15-g9cfb28693d (webtiles) character file.

Game seed: 5439459042671816791

86 croobank the Sneak (level 4, -6/32 HPs)
             Began as an Octopode Delver on Mar 11, 2023.
             Killed by divine providence
             ... invoked by an orc priest
              (13 damage)
             ... on level 3 of the Dungeon.
             The game lasted 00:04:21 (590 turns).

croobank the Sneak (Octopode Delver)                 Turns: 590, Time: 00:04:22

Health: -6/32      AC:  1    Str:  8 (11) XL:     4   Next: 49%
Magic:  4/4        EV: 13    Int: 12 (14) God:
Gold:   23         SH:  0    Dex: 10 (13) Spells: 3/3 levels left

rFire   . . .      SeeInvis .   a - +0 hand axe
rCold   . . .      Faith    .   (no shield)
rNeg    . . .      Spirit   .   (helmet restricted)
rPois   .          Reflect  .   (no amulet)
rElec   .          Harm     .   (no ring)
rCorr   .          Rampage  .   (no ring)
Will    .....                   (no ring)
Stlth   ++++......              (no ring)
HPRegen 0.10/turn               (no ring)
MPRegen 0.09/turn               (no ring)
                                (no ring)
                                (no ring)

@: no status effects
A: almost no armour, amphibious, 8 rings, camouflage 1, gelatinous body 1,
(nimble swimmer 1), tentacles
a: no special abilities


You were on level 3 of the Dungeon.
You visited 1 branch of the dungeon, and saw 3 of its levels.

You collected 23 gold pieces.

Inventory:

Hand Weapons
 a - a +0 hand axe (weapon)
Jewellery
 i - an amulet of guardian spirit
Wands
 f - a wand of digging (3)
Scrolls
 b - a scroll of fog
 g - a scroll of magic mapping
 h - a scroll of identify {unknown}
Potions
 d - 4 potions of curing
 e - a potion of haste
 j - a potion of lignification {unknown}
 k - a potion of cancellation {unknown}


   Skills:
 + Level 3.6 Fighting
 + Level 2.8 Axes
 + Level 2.8 Dodging
 + Level 7.2 Stealth


You had 3 spell levels left.
You didn't know any spells.
Your spell library contained the following spells:

 Spells                   Type           Power      Damage    Failure   Level
 Apportation              Tloc           0%         N/A       32%         1
 Necrotise                Necr           0%         1d4       32%         1
 Summon Small Mammal      Summ           0%         N/A       32%         1


Dungeon Overview and Level Annotations

Branches:
Dungeon (5/15)
 Temple: D:4-7

Altars:
Vehumet

Annotations:
D:3 2 transporters, Farfigtubin's ghost, amateur HOFi


Innate Abilities, Weirdness & Mutations

You cannot wear most types of armour.
You are amphibious.
You can wear up to eight rings at the same time.
Your skin changes colour to match your surroundings (Stealth+).
Your rubbery body absorbs attacks. (AC +1, EV +1)
((You are camouflaged when in or above water. (Stealth+)))
You have tentacles for arms and can constrict up to eight enemies at once.


Message History

The orc priest mumbles some strange prayers to Beogh against you.
Pain shoots through your body!
The orc priest calls down the wrath of Beogh upon you.
Beogh smites you!
* * * LOW HITPOINT WARNING * * *
The orc barely misses you.
Things that are here:
a +0 short sword; an orc corpse You hit the orc.
You grab the orc.
The orc is severely wounded.
You constrict the orc.
You kill the orc!
Things that are here:
a +0 whip; an orc corpse You barely miss the orc priest.
Your grab misses the orc priest. The orc priest misses you.
It was a potion of degeneration.
There was something very wrong with that liquid.
You feel weakened.
You feel dopey.
You feel clumsy.
The orc priest begins to cast a cantrip, but forgets the words!
Okay, then.
It was a potion of curing.
You feel better. The orc priest closely misses you.
The orc priest completely misses you.
You hit the orc priest. You grab the orc priest.
The orc priest is lightly wounded.
You constrict the orc priest.
The orc priest begins to cast a cantrip, but forgets the words!
The orc priest invokes the aid of Beogh against you.
You barely resist.
You hit the orc priest but do no damage.
The orc priest is moderately wounded.
You constrict the orc priest.
The orc priest hits you with a +0 falchion!
* * * LOW HITPOINT WARNING * * *
You hit the orc priest.
The orc priest is severely wounded.
You constrict the orc priest.
The orc priest mumbles some strange prayers to Beogh against you.
Beogh smites you!
You die...

....... ....... .......
....... .......
#......... ###..........#
#.@..........#
.###########.o..........#
............))..........#
........................
.............#.........
....###©####.......## ...
#©### #####...# ..)..# ..
..W5#...######## .....#..
.#.5.##.........#


You could see an orc priest and a quasit.

Vanquished Creatures
  A hound (D:5)
  An iguana (D:4)
  2 adders
  A dart slug (D:4)
  2 orcs (D:3)
  An endoplasm (D:3)
  A hobgoblin (D:4)
  A quokka (D:3)
10 creatures vanquished.

Notes
Turn   | Place    | Note
-------+----------+-------------------------------------------
     0 | D:5      | croobank the Octopode Delver began the quest for the Orb.
     0 | D:5      | Reached XP level 1. HP: 16/16 MP: 1/1
     4 | D:5      | Noticed an iguana
    22 | D:5      | Reached XP level 2. HP: 17/21 MP: 2/2
    28 | D:5      | Noticed an ogre
    55 | D:5      | Found a radiant altar of Vehumet.
    57 | D:5      | Noticed a phantom
    59 | D:5      | Noticed a scorpion
    72 | D:5      | Reached skill level 7 in Stealth
    72 | D:5      | Reached XP level 3. HP: 12/26 MP: 3/3
   326 | D:4      | Reached XP level 4. HP: 31/31 MP: 4/4
   496 | D:3      | Found a transporter.
   500 | D:3      | Noticed Farfigtubin's ghost (amateur HOFi)
   531 | D:3      | Found a transporter.
   590 | D:3      | Killed from afar by an orc priest

Illustrated notes

Levels and vault maps discovered:
D:3:      layout_basic, chei_slow_surprise,
          dreamdust_ecumenical_altar_hidden_monk_grotto,
          gammafunk_ghost_stat_death, serial_glass, glass_columns_a,
          glass_columns_c
D:4:      layout_cave_pools, uniq_crazy_yiuf_cottage
D:5:      layout_loops_ring, amcnicky_altar_gilded, portal_sewer_entry_b,
          serial_bayou_pond_e, grunt_ministairs_9

Skill      XL: |  1  2 |
---------------+-------+-----
Stealth        | 7 |  7.2
Fighting       | |  3.6
Axes           | |  2.8
Dodging        | |  2.8

Action                   |  1- 3 |  4- 6 || total
-------------------------+-------+-------++-------
Melee: Hand axe          |    14 |    19 ||    33
       Tentacles         |     7 |     1 ||     8
       Constrict         |     4 |     6 ||    10
       Punch             |     1 |       ||     1
  Use: Scroll            |     2 |       ||     2
       Potion            |       |     2 ||     2
 Stab: Sleeping          |       |     2 ||     2
Armor: Skin              |     1 |       ||     1
Dodge: Dodged            |    12 |    10 ||    22
